 Dungeon Crawl Stone Soup version 0.19.1 (webtiles) character file.

3276 RKaid the Severer (level 9, -1/103 (105) HPs)
             Began as a Minotaur Berserker on Dec 19, 2016.
             Was an Elder of Trog.
             Slain by a black mamba (4 damage)
             ... on level 1 of the Lair of Beasts.
             The game lasted 00:09:04 (6817 turns).

RKaid the Severer (Minotaur Berserker)              Turns: 6817, Time: 00:09:05

HP:   -1/103 (105)  AC: 13    Str: 28    XL:     9   Next: 68%
MP:   8/8           EV:  9    Int:  4    God:    Trog [****..]
Gold: 280           SH:  0    Dex: 12    Spells: 0 memorised, 8 levels left

rFire  . . .     SeeInvis .     a - +1 hand axe
rCold  . . .     Gourm    .     p - +0 chain mail
rNeg   . . .     Faith    .     (no shield)
rPois  .         Spirit   .     (helmet restricted)
rElec  .         Reflect  .     f - +0 cloak
rCorr  .         Harm     .     w - +2 pair of gloves
MR     .....                    (no boots)
Stlth  ..........               (no amulet)
                                (no ring)
                                (no ring)

@: berserking, lethally poisoned (-1 -> -13), very quick
A: retaliatory headbutt, horns 2
a: Berserk, Trog's Hand, Brothers in Arms, Burn Spellbooks, Renounce Religion


You were on level 1 of the Lair of Beasts.
You worshipped Trog.
Trog was greatly pleased with you.
You were hungry.

You visited 2 branches of the dungeon, and saw 9 of its levels.

You collected 280 gold pieces.

Inventory:

Hand Weapons
 a - a +1 hand axe (weapon)
 A - a +0 trident
   (You found it on level 6 of the Dungeon)
Armour
 f - a +0 cloak (worn)
   (You found it on level 2 of the Dungeon)
 p - a +0 chain mail (worn)
   (You took it off Ijyb on level 2 of the Dungeon)
 w - a +2 pair of gloves (worn)
   (You found it on level 3 of the Dungeon)
Jewellery
 z - the amulet "Meotig" {Inacc rElec rPois Str+4 Dex+5}
   (You found it on level 7 of the Dungeon)

   [amulet of inaccuracy]

   It reduces the accuracy of all your attacks.
   It affects your strength (+4).
   It affects your dexterity (+5).
   It insulates you from electricity.
   It protects you from poison.
 C - an uncursed ring of flight {+Fly, !d}
   (You found it on level 4 of the Dungeon)
 D - an uncursed ring of ice {rC+, rF-}
   (You found it on level 4 of the Dungeon)
Wands
 B - a wand of digging (24/24)
   (You found it on level 4 of the Dungeon)
 E - a wand of digging (11/24)
   (You found it on level 6 of the Dungeon)
 I - a wand of iceblast (4/15)
   (You found it on level 7 of the Dungeon)
Scrolls
 i - a scroll of identify
 j - 2 scrolls of enchant armour
 m - a scroll of fear
 r - 2 scrolls of magic mapping {!r}
 v - a scroll of blinking {!r}
 x - 2 scrolls of remove curse
 y - a scroll of teleportation
 F - a scroll of recharging
Potions
 b - a potion of degeneration {unknown}
 d - 3 potions of agility
 e - a potion of haste
 h - a potion of berserk rage {!q}
 n - 2 potions of curing
 q - 2 potions of heal wounds
 s - a potion of flight
 t - a potion of resistance
 u - 3 potions of cure mutation {!q}
 G - a potion of brilliance
Comestibles
 c - 5 bread rations
 g - 4 slices of pizza
 k - 5 meat rations
 H - 2 beef jerkies


   Skills:
 - Level 3.6 Fighting
 + Level 15.7 Axes
 - Level 2.4 Armour
 - Level 2.1 Dodging


You had 8 spell levels left.
You didn't know any spells.

Dungeon Overview and Level Annotations

Branches:
Dungeon (8/15)             Temple (0/1) D:7            Lair (1/6) D:8

Altars:
Elyvilon
Hepliaklqana
Yredelemnul
Zin


Innate Abilities, Weirdness & Mutations

You reflexively headbutt those who attack you in melee.
You have a pair of horns on your head.


Message History

A bullfrog comes into view.
The bullfrog croaks.
A bullfrog is nearby!
A bullfrog is nearby!
A bullfrog is nearby!
A bullfrog is nearby!
You feel sick.
You feel sick.
A bullfrog is nearby!
A bullfrog is nearby!
You hit the bullfrog. Your headbutt misses the bullfrog.
The bullfrog completely misses you.
You hit the bullfrog.
The bullfrog hits you but does no damage.
You hit the bullfrog. You headbutt the bullfrog!
You feel sick.
The bullfrog hits you but does no damage.
You hit the bullfrog.
You kill the bullfrog!
Trog accepts your kill.
No target in view!
No target in view!
You start resting.
You feel sick. x6
You are no longer poisoned.
You start resting.
Eating one of 6 chunks of flesh.
You start eating one of the 6 chunks of flesh.
You are feeling hungry.
This raw flesh tastes terrible.
You start resting.
All of the chunks of flesh in your inventory have rotted away.
You start waiting.
Done waiting.
H - 2 beef jerkies (gained 1)
You now have 280 gold pieces (gained 6).
You open the door.
There is an open door here.
A bullfrog comes into view.
The bullfrog croaks.
A bullfrog is nearby!
A bullfrog is nearby!
A bullfrog is nearby!
A bullfrog is nearby!
A black mamba comes into view.
The black mamba hisses angrily.
The bullfrog closely misses you.
You completely miss the bullfrog. You miss the black mamba.
You hit the bullfrog. The bullfrog hits you. The black mamba bites you.
You are poisoned.
The black mamba poisons you!
You hit the bullfrog. You closely miss the black mamba.
You feel sick.
The bullfrog hits you but does no damage.
The black mamba barely misses you. You furiously retaliate!
You headbutt the black mamba. You slash the bullfrog!
You headbutt the bullfrog.
You kill the bullfrog!
Trog accepts your kill.
You barely miss the black mamba.
You feel sick. The black mamba bites you!
You barely miss the black mamba.
You headbutt the black mamba, but do no damage.
You feel sick. The black mamba bites you.
You slash the black mamba!
You feel sick. The black mamba closely misses you.
You hit the black mamba. Your headbutt misses the black mamba.
You feel sick. The black mamba closely misses you.
You hit the black mamba. You headbutt the black mamba.
You feel sick. The black mamba barely misses you.
You slash the black mamba! The black mamba barely misses you.
You miss the black mamba. Your headbutt misses the black mamba.
You feel sick. The black mamba bites you.
You are more poisoned.
The black mamba poisons you!
You are too injured to fight recklessly!
You are too injured to fight recklessly!
You are too injured to fight recklessly!
You are too injured to fight recklessly!
You are too injured to fight recklessly!
You hit the black mamba.
You feel sick.
The black mamba bites you but does no damage.
You miss the black mamba.
You feel sick. The black mamba bites you!
You closely miss the black mamba.
You feel sick. The black mamba bites you.
* * * LOW HITPOINT WARNING * * *
The black mamba bites you but does no damage.
You completely miss the black mamba. Your headbutt misses the black mamba.
You feel sick. The black mamba bites you.
* * * LOW HITPOINT WARNING * * *
You hit the black mamba. Your headbutt misses the black mamba.
* * * LOW HITPOINT WARNING * * *
You feel sick. The black mamba barely misses you. You furiously retaliate!
You headbutt the black mamba.
You hit the black mamba but do no damage.
* * * LOW HITPOINT WARNING * * *
You feel sick. The black mamba bites you!
* * * LOW HITPOINT WARNING * * *
A red film seems to cover your vision as you go berserk!
You feel yourself moving faster!
You feel mighty!
You are feeling hungry.
* * * LOW HITPOINT WARNING * * *
You feel sick. The black mamba bites you.
You die...

#......... #....
###.....#.##
.....#####+##P..........
#.......................
........................
........................
........(..............†
......S†................
.......@............##.#
#....##.#.#.#........#+#
#....##.#.###.......#...
............'.......##..
#....##....##.......# ..
#... #....##.......## .
#.. #....##.....÷..# #.
#....##.......## .
#######........#


You could see a black mamba.

Vanquished Creatures
  A spiny frog (Lair:1)
  The ghost of Sam the Cudgeler, an amateur MiBe of Trog (D:5)
  Grinder (D:6)
  2 water moccasins (Lair:1)
  3 phantoms
  A necrophage (D:8)
  2 ogres
  A centaur (D:6)
  A crocodile (Lair:1)
  7 bullfrogs
  5 scorpions
  A howler monkey (D:4)
  A crimson imp (D:5)
  2 bullfrog zombies
  A centaur zombie (D:5)
  3 hounds
  3 jellies
  Crazy Yiuf (D:3)
  2 orc priests
  3 orc wizards
  Ijyb (D:2)
  2 iguanas
  5 worker ants
  3 hound skeletons (D:4)
  A hound zombie (D:6)
  Robin (D:4)
  4 gnolls (D:3)
  5 adders
  2 oozes
  An adder skeleton (D:4)
  4 worms
  A dart slug (D:1)
  5 leopard geckos
  17 orcs
  5 giant cockroaches
  25 goblins
  7 hobgoblins
  2 jackals (D:4)
  11 kobolds
  2 quokkas
  A ball python (D:1)
  7 bats
  8 frilled lizards
  A leopard gecko skeleton (D:4)
  A quokka skeleton (D:6)
  11 rats
175 creatures vanquished.

Notes
Turn   | Place    | Note
-------+----------+-------------------------------------------
     0 | D:1      | RKaid the Minotaur Berserker began the quest for the Orb.
     0 | D:1      | Reached XP level 1. HP: 19/19 MP: 0/0
    84 | D:1      | Reached skill level 4 in Axes
   394 | D:1      | Reached XP level 2. HP: 22/26 MP: 1/1
   639 | D:1      | Reached skill level 5 in Axes
   659 | D:1      | Reached ** piety under Trog
   841 | D:1      | Reached XP level 3. HP: 27/31 MP: 2/2
  1031 | D:2      | Found a white marble altar of Elyvilon.
  1111 | D:2      | Found a white marble altar of Elyvilon.
  1168 | D:2      | Noticed Ijyb
  1176 | D:2      | Killed Ijyb
  1176 | D:2      | Reached skill level 6 in Axes
  1176 | D:2      | Reached XP level 4. HP: 39/39 MP: 3/3
  1851 | D:3      | HP: 9/39 [poisoned by a worker ant]
  1858 | D:3      | HP: 8/39 [poisoned by a worker ant]
  1866 | D:3      | HP: 7/39 [poisoned by a worker ant]
  2324 | D:3      | Found a runed door.
  2375 | D:3      | Reached skill level 7 in Axes
  2375 | D:3      | Reached XP level 5. HP: 45/45 MP: 4/4
  2622 | D:3      | Reached *** piety under Trog
  2820 | D:3      | Noticed Crazy Yiuf
  2825 | D:3      | Killed Crazy Yiuf
  2982 | D:4      | Reached skill level 8 in Axes
  2991 | D:4      | Noticed a phantom
  3046 | D:4      | Killed a phantom
  3046 | D:4      | Reached XP level 6. HP: 41/51 MP: 5/5
  3246 | D:4      | Reached skill level 9 in Axes
  3388 | D:4      | Noticed Robin
  3395 | D:4      | Killed Robin
  3582 | D:4      | Reached XP level 7. HP: 57/57 MP: 6/6
  3594 | D:4      | Found a basalt altar of Yredelemnul.
  3594 | D:4      | Found a faded altar of an unknown god.
  3605 | D:4      | Found a faded altar of an unknown god.
  3613 | D:4      | Found a faded altar of an unknown god.
  3621 | D:4      | Reached **** piety under Trog
  3622 | D:4      | Found a glowing silver altar of Zin.
  3791 | D:4      | Reached skill level 10 in Axes
  3805 | D:5      | Entered Level 5 of the Dungeon
  3859 | D:5      | Noticed Sam's ghost (amateur MiBe)
  3872 | D:5      | Killed Sam's ghost
  3872 | D:5      | Reached skill level 11 in Axes
  4137 | D:5      | Reached XP level 8. HP: 64/64 MP: 7/7
  4594 | D:5      | Reached skill level 12 in Axes
  4885 | D:6      | Noticed Grinder
  4894 | D:6      | Paralysed by Grinder for 6 turns
  4902 | D:6      | Killed Grinder
  4902 | D:6      | Reached skill level 13 in Axes
  5421 | D:6      | Reached XP level 9. HP: 70/70 MP: 8/8
  5598 | D:7      | Found a staircase to the Ecumenical Temple.
  5615 | D:7      | Reached skill level 14 in Axes
  5690 | D:7      | Got a warped diamond amulet
  6107 | D:7      | Found a hazy altar of Hepliaklqana.
  6324 | D:8      | Found a staircase to the Lair.
  6348 | Lair:1   | Entered Level 1 of the Lair of Beasts
  6377 | Lair:1   | Reached ***** piety under Trog
  6382 | Lair:1   | Identified the amulet "Meotig" {Inacc rElec rPois Str+4 Dex+5} (You found it on level 7 of the Dungeon)
  6438 | Lair:1   | Reached skill level 15 in Axes
  6519 | Lair:1   | Noticed a spiny frog
  6527 | Lair:1   | Killed a spiny frog
  6799 | Lair:1   | Noticed a black mamba
  6814 | Lair:1   | HP: 12/69 [black mamba (6)]
  6816 | Lair:1   | HP: 3/69 [black mamba (8)]
  6817 | Lair:1   | Slain by a black mamba

Skill      XL: |  1  2  3  4  5  6  7  8  9 |
---------------+----------------------------+-----
Axes           | 4 5 6 7 8 9 11 13 15 | 15.7
Fighting       | |  3.6
Armour         | |  2.4
Dodging        | |  2.1

Action                   |  1- 3 |  4- 6 |  7- 9 || total
-------------------------+-------+-------+-------++-------
Melee: Hand axe          |    92 |   185 |   284 ||   561
       Headbutt          |    10 |    40 |    64 ||   114
Invok: Berserk           |     1 |     3 |     6 ||    10
       Burn Spellbooks   |       |       |     1 ||     1
  Use: Scroll            |       |       |    24 ||    24
 Stab: Sleeping          |     1 |       |       ||     1
  Eat: Chunk             |     1 |    12 |    12 ||    25
       Pizza             |       |       |     2 ||     2
Armor: Animal skin       |    16 |     4 |       ||    20
       Chain mail        |       |    79 |    99 ||   178
Dodge: Dodged            |    48 |    57 |    68 ||   173

Vault maps used:
D:1:      minmay_arrival_diagonal_passages
D:2:      kennysheep_the_goblin_king, lemuel_doored_altar, minivault_19,
          elyvilon_altar_4
D:3:      uniq_crazy_yiuf_cottage
D:4:      chequers_temple_overflow_minitemple, uniq_robin
D:5:      first_bread
D:6:      uniq_grinder
D:7:      lemuel_coloured_pillars_altar
D:8:      grunt_qazlal_clouds, lair_0_dummy, hangedman_pestilent_swarm,
          grunt_ministairs_5, dk_noncrumbling_4, grunt_tough_drop, uniq_joseph

Table legend:
 A = Turns spent in this place as a percentage of turns spent in the entire game.
 B = Non-inter-level travel turns spent in this place as a percentage of non-inter-level travel turns spent in the entire game.
 C = Inter-level travel turns spent in this place as a percentage of turns spent in this place.
 D = Turns resting spent in this place as a percentage of non-inter-level travel turns spent in this place.
 E = Turns spent auto-exploring this place as a percentage of non-inter-level travel turns spent in this place.
 F = Non-inter-level travel turns spent in this place divided by the number of levels of this place that you've seen.
                   A       B       C       D       E      F
               +-------+-------+-------+-------+-------+----------------------
         Total | 100.0 | 100.0 |   0.4 |   2.6 |  12.1 | 217.0
       Dungeon |  93.7 |  93.7 |   0.4 |   2.3 |  12.6 | 228.6
          Lair |   6.3 |   6.3 |   0.0 |   7.3 |   4.8 | 124.0
               +-------+-------+-------+-------+-------+----------------------

Table legend:
 A = Kills in this place as a percentage of kills in entire the game.
 B = Kills by you in this place as a percentage of kills by you in the entire game.
 C = Kills by friends in this place as a percentage of kills by friends in the entire game.
 D = Other kills in this place as a percentage of other kills in the entire game.
 E = Experience gained in this place as a percentage of experience gained in the entire game.
 F = Experience gained in this place divided by the number of levels of this place that you have seen.
                   A       B       C       D       E      F
               +-------+-------+-------+-------+-------+----------------------
         Total | 100.0 | 100.0 |  -nan |  -nan | 100.0 | 520.0
       Dungeon |  96.0 |  96.0 |  -nan |  -nan |  77.3 | 452.2
          Lair |   4.0 |   4.0 |  -nan |  -nan |  22.7 | 1062.0
               +-------+-------+-------+-------+-------+----------------------
